 Dungeon Crawl Stone Soup version 0.26.0-15-gc6cd9f700b (webtiles) character file.

Game seed: 16168943473162151263

417171 4FPSwarrior the Slayer (level 22, -19/191 (224) HPs)
             Began as a Minotaur Berserker on Jan 9, 2021.
             Was a High Priest of Trog.
             Killed from afar by a frost giant (32 damage)
             ... with a bolt of cold
             ... on level 3 of the Depths on Jan 16, 2021.
             The game lasted 03:51:33 (60068 turns).

4FPSwarrior the Slayer (Minotaur Berserker)        Turns: 60068, Time: 03:51:34

HP:   -19/191 (224) AC: 26    Str: 33    XL:     22   Next: 58%
MP:   21/21         EV: 25    Int: 11    God:    Trog [*****.]
Gold: 3183          SH:  5    Dex: 15    Spells: 21/21 levels left

rFire    + + +     SeeInvis .   R - +5 battleaxe (flame)
rCold    . . .     Faith    .   (shield currently unavailable)
rNeg     . . .     Spirit   .   b - +1 faerie dragon scales {rF++ rCorr Str+2}
rPois    .         Reflect  +   O - +2 hat
rElec    .         Harm     .   W - +2 cloak {rCorr}
rCorr    +         Rampage  .   B - +2 pair of gloves {Dex+3}
Will     +....                  Q - +2 pair of boots
Stlth    +.........             P - amulet of reflection
HPRegen  0.41/turn              c - ring "Nierasch" {+Inv +Fly rF+}
MPRegen  0.17/turn              Y - ring "Ilafel" {rF+ Str+5 Int+3}

@: heavily drained
A: retaliatory headbutt, horns 2
}: 2/15 runes: barnacled, gossamer
a: Renounce Religion, Evoke Invisibility, Evoke Flight, Berserk, Trog's Hand,
Brothers in Arms


You were on level 3 of the Depths.
You worshipped Trog.
Trog was extremely pleased with you.
You visited 8 branches of the dungeon, and saw 41 of its levels.
You also visited: Ice Cave and Volcano.

You collected 7621 gold pieces.
You spent 4438 gold pieces at shops.

Inventory:

Hand Weapons
 i - a +1 vampiric broad axe
 j - a +1 executioner's axe of electrocution
 r - a +1 demon whip of venom
 D - a +0 antimagic eveningstar
 K - the +0 flail of Wondrous Power {holy, +Blink rPois Str-4}
   (You found it on level 4 of the Spider Nest)

   It has been blessed by the Shining One to cause great damage to the undead
   and demons.
   It affects your strength (-4).
   It protects you from poison.
   It lets you blink.
 N - the +4 war axe "Minotaur's Doom" {vorpal, +Blink rC- rN+++ Str+2}
   (You took it off a deep elf sorcerer on level 3 of the Elven Halls)

   It inflicts extra damage upon your enemies.
   It affects your strength (+2).
   It makes you vulnerable to cold.
   It renders you almost immune to negative energy.
   It lets you blink.
 R - a +5 battleaxe of flaming (weapon)
Missiles
 g - 12 throwing nets
 o - 28 boomerangs (quivered)
 y - 37 silver javelins
 T - 40 javelins
Armour
 b - the +1 faerie dragon scales (worn) {rF++ rCorr Str+2}
   (You took it off the Enchantress on level 1 of the Depths)

   It affects your strength (+2).
   It greatly protects you from fire.
   It provides partial protection from all sources of acid and corrosion.
 B - a +2 pair of gloves of dexterity (worn)
 O - a +2 hat (worn)
 Q - a +2 pair of boots (worn)
 W - a +2 cloak of preservation (worn)
Jewellery
 c - the ring "Nierasch" (left hand) {+Inv +Fly rF+}
   (You found it on level 3 of the Elven Halls)

   [ring of protection from fire]

   It protects you from fire.
   It lets you turn invisible.
   It lets you fly.
 d - an uncursed ring of positive energy
 s - an uncursed ring of see invisible
 J - an uncursed ring of protection from cold
 P - an amulet of reflection (around neck)
 V - the ring of Mirth {Fire +Blink rElec Will+ Str-2 Dex+3}
   (You took it off a deep elf annihilator on level 3 of the Elven Halls)

   [ring of fire]

   It enhances your fire magic.
   It affects your strength (-2).
   It affects your dexterity (+3).
   It protects you from fire.
   It makes you vulnerable to cold.
   It insulates you from electricity.
   It affects your willpower, your defense against some magical effects.
   It lets you blink.
 Y - the ring "Ilafel" (right hand) {rF+ Str+5 Int+3}
   (You took it off Nikola on level 3 of the Elven Halls)

   [ring of protection from fire]

   It affects your strength (+5).
   It affects your intelligence (+3).
   It protects you from fire.
Wands
 w - a wand of digging (16)
 C - a wand of acid (26)
 S - a wand of flame (53)
 X - a wand of iceblast (14)
Scrolls
 a - a scroll of identify
 h - 9 scrolls of teleportation
 n - 4 scrolls of magic mapping
 q - 10 scrolls of remove curse
 t - 6 scrolls of enchant weapon
 u - 6 scrolls of fear
 z - 10 scrolls of enchant armour
 E - 8 scrolls of blinking
 G - a scroll of holy word
 I - 2 scrolls of silence
 L - 2 scrolls of fog
 M - 7 scrolls of brand weapon
Potions
 e - 6 potions of haste
 f - 2 potions of berserk rage
 k - 5 potions of cancellation
 l - 8 potions of heal wounds
 m - 7 potions of flight
 p - 5 potions of invisibility
 v - 5 potions of resistance
 x - 3 potions of ambrosia
 A - a potion of magic
 F - 10 potions of curing
 H - 5 potions of attraction
 Z - 6 potions of mutation


   Skills:
 * Level 24.5 Fighting
 * Level 20.5(21.2) Axes
 - Level 10.8(16.8) Maces & Flails
 + Level 10.7 Throwing
 + Level 19.8 Armour
 + Level 18.5 Dodging
 + Level 8.4 Evocations


You had 21 spell levels left.
You didn't know any spells.
Your spell library was empty.

Dungeon Overview and Level Annotations

Branches:
Dungeon (15/15)            Temple (0/1) D:4            Lair (6/6) D:9
 Shoals (4/4) Lair:3       Spider (4/4) Lair:4        Slime (0/5) Lair:5
    Orc (2/2) D:12            Elf (3/3) Orc:2        Vaults (4/5) D:13
  Crypt (0/3) Vaults:2     Depths (3/5) D:15          IceCv (visited)
Volcano (visited)

Altars:
Cheibriados
Elyvilon
Fedhas
Hepliaklqana
Kikubaaqudgha
Okawaru
Qazlal
Vehumet
The Shining One
Lugonu

Shops:
D:8 (   D:15 ([?[   Orc:2 [!}*(   Elf:3 (:(*[   Shoals:1 :!   Vaults:2 *
Depths:1 *}=   Depths:2 [}=(}?

Portals:
Hell: Depths:1 Depths:2
Abyss: Elf:1
Pandemonium: Orc:2

Annotations:
Shoals:3 3 runed translucent doors, exclusion: downstairs, Zipteul's ghost, adept NaBe
Elf:2 3 runed translucent doors
Vaults:2 3 runed translucent doors, Dacon's ghost, adept MiGl
Depths:3 Frederick; Jory


Innate Abilities, Weirdness & Mutations

You reflexively headbutt those who attack you in melee.
You have a pair of horns on your head.


Message History

Frederick casts a spell at you. The lance of force hits you.
You are knocked back by the lance of force.
You collide with the frost giant!
The spellforged servitor points at you and mumbles some strange words.
The lance of force hits you!!!
* * * LOW HITPOINT WARNING * * *
You stop ascending the stairs.
You are knocked back by the lance of force.
You slam into the rock wall!
* * * LOW HITPOINT WARNING * * *
As you read the scroll of summoning, it crumbles to dust.
Wisps of shadow whirl around you...
The spellforged servitor hums quietly as it recharges.
Frederick gestures at you while chanting.
The bolt of cold hits you!!
* * * LOW HITPOINT WARNING * * *
The frost giant casts a spell at you. The bolt of cold hits you!!
You die...

....... .....# ...
..........##......
...
..................
..T
.....^.u....8.....
...
....u.u...........
...
.......C<.@...T.
...
.u.uu..........
...
.##............
... #D@....#.....
.. ##G#...##....
####### .... ...
#.


You could see Frederick, a frost giant, a spellforged servitor (summoned), 5
friendly very ugly things, a friendly ice dragon (summoned), a friendly white
ugly thing (summoned) and a friendly eye of draining (summoned).

Vanquished Creatures
  Saint Roka (Vaults:1)
  the Enchantress (Depths:1)
  Jorgrun (Spider:1)
  Rupert (D:14)
  2 tentacled monstrosities
  Asterion (Spider:1)
  2 deep elf master archers (Elf:3)
  A deep elf blademaster (Elf:3)
  A kraken (Shoals:4)
  A sphinx (Vaults:3)
  Polyphemus (Shoals:4)
  2 storm dragons
  A tengu reaver (Depths:2)
  Kirke (D:13)
  A caustic shrike zombie (Depths:2)
  5 fire giants (Depths:2)
  4 deep elf sorcerers
  6 frost giants
  12 vault wardens
  A balrug (Depths:2)
  2 emperor scorpions (Spider:1)
  3 ghost moths
  5 spriggan defenders
  2 deep elf elementalists (Elf:3)
  7 ironheart preservers
  A cacodemon (Vaults:2)
  9 very ugly things
  10 stone giants
  Nessos (D:13)
  10 deep elf annihilators (Elf:3)
  3 deep elf demonologists (Elf:3)
  3 spark wasps
  4 entropy weavers
  7 ettins
  2 deep elf death magi
  Josephine (Orc:1)
  5 merfolk javelineers (Shoals:4)
  5 yaktaur captains
  6 merfolk impalers
  7 vault guards
  6 great orbs of eyes
  6 fire dragons
  The ghost of flt the Geomancer, a journeyman GrEE of Dithmenos (D:11)
  Harold (D:9)
  5 boulder beetles
  6 ice dragons
  Fannar (Lair:3)
  Erolcha (D:11)
  3 catoblepae
  11 hydras
  5 merfolk avatars
  A spriggan air mage (Depths:2)
  11 centaur warriors
  2 death knights
  6 rakshasas
  8 merfolk aquamancers (Shoals:4)
  7 ogre magi
  9 dancing weapons
  A queen ant (Lair:6)
  2 deep troll shamans
  A satyr (Shoals:3)
  21 two-headed ogres
  6 tengu warriors
  18 death yaks
  7 orc high priests
  3 spriggan berserkers (Depths:2)
  2 deep troll earth magi (Depths:1)
  Urug (Orc:2)
  18 deep elf knights
  A shadow wraith (Vaults:2)
  2 sun demons (Depths:2)
  Sonja (Orc:2)
  A fire crab (shapeshifter) (D:15)
  7 skeletal warriors
  6 sea snakes
  4 glowing orange brains
  4 wizards
  4 unseen horrors
  3 flayed ghosts
  16 deep trolls
  A kraken simulacrum (Shoals:4)
  A gelid demonspawn (Orc:2)
  18 deep elf archers
  2 infernal demonspawn (Orc:2)
  A phantasmal warrior (Vaults:2)
  16 orb spiders
  12 orc knights
  A lindwurm (Lair:6)
  A sphinx zombie (Depths:2)
  A shadow dragon zombie (Depths:2)
  16 ironbrand convokers
  2 necromancers (Depths:2)
  19 harpies
  24 wolf spiders
  34 ugly things
  39 deep elf magi
  7 cyclopes
  8 orc sorcerers
  7 fauns
  10 manticores
  3 moths of wrath
  A cyclops (shapeshifter) (D:15)
  8 merfolk sirens
  23 elephants
  A rust devil (Orc:2)
  A fire giant skeleton (Depths:2)
  2 molten gargoyles (Lair:6)
  3 water nymphs
  A storm dragon simulacrum (Vaults:3)
  5 vault sentinels
  7 cane toads
  A moth of wrath (shapeshifter) (Depths:2)
  3 torpor snails
  2 ice statues (IceCv)
  3 black mambas
  A guardian serpent (D:11)
  A smoke demon (Orc:2)
  2 centaur skeletons
  A cane toad (shapeshifter) (Depths:2)
  3 gargoyles
  Maurice (D:10)
  An orange demon (Orc:2)
  39 yaktaurs
  A rime drake (shapeshifter) (Depths:2)
  6 freezing wraiths
  11 komodo dragons
  2 yaktaurs (shapeshifter)
  4 rime drakes
  4 kobold demonologists
  2 efreet
  18 demonic crawlers
  4 tengu conjurers
  2 trolls
  A polar bear (Lair:6)
  24 jumping spiders
  10 wind drakes
  A troll (shapeshifter) (Depths:1)
  2 jumping spiders (shapeshifter)
  A wind drake (shapeshifter) (D:13)
  2 polar bears (shapeshifter)
  3 meliai (Spider:3)
  13 merfolk
  Prince Ribbit (Lair:3)
  A queen bee (Spider:3)
  9 hornets
  A merfolk (shapeshifter) (D:15)
  A raiju (shapeshifter) (Vaults:1)
  18 slime creatures
  3 dream sheep (Shoals:2)
  19 blink frogs
  10 snapping turtles
  A dream sheep (shapeshifter) (Vaults:4)
  60 redbacks
  10 tarantellas
  3 spriggans (Depths:1)
  2 air elementals
  A ynoxinul (Orc:2)
  5 water elementals
  8 wraiths
  74 yaks
  6 basilisks
  9 wyverns
  A yak (shapeshifter) (D:15)
  3 fire elementals
  A golden eye (shapeshifter) (Vaults:4)
  4 hogs (D:13)
  A yaktaur simulacrum (Vaults:1)
  2 chaos spawn (Orc:2)
  3 steam dragons (Lair:6)
  Edmund (D:5)
  3 acid dragons
  2 wargs
  26 soldier ants
  7 water moccasins
  5 hell hounds (Lair:6)
  A floating eye (Depths:2)
  36 orc warriors
  3 sky beasts
  4 eyes of draining
  24 ice beasts
  A black bear (D:8)
  2 phantoms
  24 ogres
  An eye of draining (shapeshifter) (Vaults:1)
  4 necrophages
  3 boggarts (Vaults:2)
  15 wolves
  6 centaurs
  5 big kobolds
  19 bullfrogs
  2 earth elementals
  A water moccasin zombie (D:7)
  14 killer bees
  2 scorpions
  An orc simulacrum (Vaults:1)
  12 wights
  6 howler monkeys
  2 electric eels (Elf:3)
  2 bullfrog zombies (D:13)
  3 quasits
  A centaur zombie (D:5)
  4 lava snakes (Lair:6)
  2 hounds
  4 jellies
  A gnoll shaman (D:4)
  29 orc priests
  A bullfrog skeleton (D:10)
  17 orc wizards
  Ijyb (D:5)
  29 worker ants
  3 iguanas
  4 hell rats (Lair:5)
  A killer bee zombie (D:6)
  2 hound skeletons
  2 hound zombies
  A worker ant zombie (D:11)
  12 adders
  6 gnolls (D:4)
  A shadow imp (D:6)
  2 white imps
  5 ufetubi
  3 oozes
  An adder skeleton (D:4)
  4 worms (D:2)
  4 dart slugs
  7 leopard geckos
  78 orcs
  A ball python (D:3)
  4 giant cockroaches
  6 goblins
  13 hobgoblins
  7 jackals
  4 quokkas
  A ball python skeleton (D:4)
  9 bats
  12 frilled lizards
  12 kobolds
  2 quokka skeletons
  6 rats
  5 tentacles (Shoals:4)
1603 creatures vanquished.

Vanquished Creatures (collateral kills)
  Nikola (Elf:3)
  A tentacled monstrosity (Vaults:2)
  A vault warden (Vaults:1)
  An emperor scorpion (Spider:3)
  An entropy weaver (Lair:4)
  A spark wasp (Spider:4)
  An ettin (Vaults:3)
  A merfolk javelineer (Shoals:4)
  A merfolk impaler (Shoals:4)
  A deep elf death mage (Elf:1)
  2 vault guards (D:13)
  A hydra (Lair:1)
  A rakshasa (Vaults:3)
  An ice dragon (Vaults:3)
  A spriggan air mage (Depths:1)
  Nergalle (Lair:2)
  A deep elf knight (Elf:1)
  3 ironbrand convokers
  An orc knight (Orc:2)
  6 deep elf magi (Elf:1)
  3 orb spiders
  A wolf spider (Spider:4)
  3 elephants
  A gargoyle (D:13)
  3 demonic crawlers
  A yaktaur (Vaults:3)
  A jumping spider (Spider:4)
  5 merfolk (Shoals:4)
  A hornet (Spider:4)
  5 redbacks
  A spriggan (Depths:1)
  6 yaks
  2 orc warriors (Orc:2)
  An ogre (Orc:2)
  3 wolves (Lair:3)
  An orc wizard (Orc:2)
  An orc (Orc:2)
67 creatures vanquished.

Vanquished Creatures (others)
  A deep elf elementalist (Elf:3)
  2 deep elf high priests (Elf:3)
  3 deep elf knights
  A human (D:13)
  A hog (shapeshifter) (D:15)
  A boggart (Vaults:2)
  A big kobold (D:11)
  An orc priest (Orc:2)
  A bush (Lair:6)
  35 fungi
  2 lurking horrors (Elf:1)
  122 plants
  12 tentacles (Shoals:4)
183 creatures vanquished.

Grand Total: 1853 creatures vanquished

Notes
Turn   | Place    | Note
-------+----------+-------------------------------------------
     0 | D:1      | 4FPSwarrior the Minotaur Berserker began the quest for the
                  | Orb.
     0 | D:1      | Reached XP level 1. HP: 19/19 MP: 0/0
    34 | D:1      | Reached skill level 4 in Fighting
   141 | D:1      | Reached XP level 2. HP: 22/27 MP: 1/1
   544 | D:1      | Reached XP level 3. HP: 33/34 MP: 2/2
   651 | D:1      | Reached ** piety under Trog
  1093 | D:2      | Reached XP level 4. HP: 41/41 MP: 3/3
  1109 | D:2      | Found a snail-covered altar of Cheibriados.
  1149 | D:2      | Reached skill level 5 in Fighting
  1149 | D:2      | Reached skill level 5 in Axes
  1222 | D:2      | Upgraded the game from 0.26.0-3-g156281e41b to
                  | 0.26.0-5-gb5863c6483
  1686 | D:2      | Found a blossoming altar of Fedhas.
  1916 | D:3      | Reached XP level 5. HP: 45/48 MP: 4/4
  2014 | D:3      | Reached *** piety under Trog
  2778 | D:4      | Reached skill level 6 in Fighting
  2996 | D:4      | Found a staircase to the Ecumenical Temple.
  3000 | D:4      | Reached XP level 6. HP: 56/57 MP: 5/5
  3625 | D:5      | Entered Level 5 of the Dungeon
  3763 | D:5      | Noticed Ijyb
  3769 | D:5      | Killed Ijyb
  4095 | D:5      | Reached XP level 7. HP: 48/64 MP: 6/6
  4205 | D:5      | Reached skill level 1 in Maces & Flails
  4421 | D:5      | Reached skill level 7 in Fighting
  4497 | D:5      | Noticed Edmund
  4508 | D:5      | Killed Edmund
  5120 | D:6      | Reached XP level 8. HP: 73/73 MP: 7/7
  5433 | D:6      | Reached skill level 5 in Armour
  5511 | D:6      | Found a white marble altar of Elyvilon.
  5742 | D:6      | Found a hazy altar of Hepliaklqana.
  5772 | D:7      | Reached **** piety under Trog
  5922 | D:7      | Reached skill level 5 in Dodging
  5949 | D:7      | Reached skill level 8 in Fighting
  6122 | D:7      | Found an ancient bone altar of Kikubaaqudgha.
  6466 | D:8      | Reached XP level 9. HP: 81/82 MP: 8/8
  6515 | D:8      | Reached skill level 5 in Maces & Flails
  7046 | D:8      | Noticed a two-headed ogre
  7053 | D:8      | Killed a two-headed ogre
  7054 | D:8      | Reached skill level 9 in Fighting
  7247 | D:8      | Found Ylyv's Weapon Emporium.
  7431 | D:8      | Reached ***** piety under Trog
  7461 | D:8      | Found a hazy altar of Hepliaklqana.
  7563 | D:8      | Paralysed by a hornet for 2 turns
  7568 | D:8      | Reached XP level 10. HP: 72/91 MP: 9/9
  7705 | D:9      | Found a staircase to the Lair.
  8199 | D:9      | Noticed Harold
  8214 | D:9      | Killed Harold
  8215 | D:9      | Reached skill level 10 in Fighting
  8662 | D:10     | Entered Level 10 of the Dungeon
  8697 | D:10     | Noticed a gargoyle
  8706 | D:10     | Killed a gargoyle
  8984 | D:10     | Noticed Maurice
  8993 | D:10     | Killed Maurice
  9507 | Lair:1   | Entered Level 1 of the Lair of Beasts
  9520 | Lair:1   | Noticed a six-headed hydra
  9530 | Lair:1   | Killed a six-headed hydra
  9579 | Lair:1   | Reached XP level 11. HP: 75/101 MP: 10/10
  9589 | Lair:1   | Reached skill level 11 in Fighting
  9766 | Lair:1   | Found an iron altar of Okawaru.
  9855 | Lair:1   | Noticed an eight-headed hydra
  9860 | Lair:1   | Killed an eight-headed hydra
  9893 | Lair:1   | Reached skill level 10 in Armour
 10016 | Lair:1   | Found a dark tunnel.
 10033 | Volcano  | Entered a volcano
 10576 | Lair:2   | Found a frozen archway.
 10614 | IceCv    | Entered an ice cave
 10842 | IceCv    | Reached skill level 10 in Maces & Flails
 11017 | IceCv    | Reached skill level 12 in Fighting
 11036 | IceCv    | Noticed an ice dragon
 11047 | IceCv    | Killed an ice dragon
 11048 | IceCv    | Reached skill level 10 in Dodging
 11258 | Lair:2   | Noticed Nergalle
 11264 | Lair:2   | Killed Nergalle
 11413 | Lair:2   | Reached XP level 12. HP: 92/112 MP: 11/11
 11518 | Lair:2   | Noticed a five-headed hydra
 11526 | Lair:2   | Killed a five-headed hydra
 11714 | Lair:2   | Identified the +5 rapier of Distant Worlds {antimagic,
                  | +Rage +Fly rF+ Dex-4} (You found it on level 2 of the Lair
                  | of Beasts)
 11747 | Lair:2   | Noticed a six-headed hydra
 11757 | Lair:2   | Killed a six-headed hydra
 12548 | Lair:3   | Upgraded the game from 0.26.0-5-gb5863c6483 to
                  | 0.26.0-8-g74fc34ddfb
 12623 | Lair:3   | Found a staircase to the Shoals.
 12817 | Lair:3   | Noticed Fannar
 12830 | Lair:3   | Reached skill level 13 in Fighting
 12837 | Lair:3   | Killed Fannar
 12883 | Lair:3   | Noticed Prince Ribbit
 12900 | Lair:3   | Killed Prince Ribbit
 13684 | Lair:4   | Noticed a catoblepas
 13726 | Lair:4   | Noticed a death yak
 13726 | Lair:4   | Noticed a death yak
 13727 | Lair:4   | Noticed a death yak
 13742 | Lair:3   | Killed a death yak
 13816 | Lair:3   | Killed a death yak
 13823 | Lair:3   | Killed a death yak
 13948 | Lair:4   | Reached XP level 13. HP: 106/123 MP: 12/12
 14021 | Lair:4   | Reached skill level 1 in Throwing
 14162 | Lair:4   | Reached skill level 14 in Fighting
 14309 | Lair:4   | Found a hole to the Spider Nest.
 14856 | Lair:5   | Received a gift from Trog
 15295 | Lair:5   | Found a staircase to the Slime Pits.
 15772 | Lair:6   | Entered Level 6 of the Lair of Beasts
 16096 | Lair:6   | Noticed an entropy weaver
 16097 | Lair:6   | Noticed an entropy weaver
 16248 | Lair:6   | Reached skill level 15 in Fighting
 16265 | Lair:6   | Received a gift from Trog
 16352 | Lair:6   | Killed an entropy weaver
 16477 | Lair:5   | Killed an entropy weaver
 16605 | Lair:6   | Reached XP level 14. HP: 135/135 MP: 13/13
 16693 | Lair:6   | Reached skill level 5 in Throwing
 16867 | Lair:6   | Reached skill level 10 in Axes
 17499 | Lair:5   | Reached skill level 16 in Fighting
 18094 | Lair:6   | Received a gift from Trog
 18546 | Lair:6   | Found a large runed translucent door.
 18546 | Lair:6   | Found a large runed translucent door.
 18799 | D:11     | Noticed Erolcha
 18808 | D:11     | Killed Erolcha
 19046 | D:11     | Reached XP level 15. HP: 119/145 MP: 14/14
 19191 | D:11     | Found a runed translucent gate.
 19191 | D:11     | Noticed a storm dragon
 19192 | D:11     | Found a runed translucent gate.
 19192 | D:11     | Found a runed translucent gate.
 19192 | D:11     | Noticed flt's ghost (journeyman GrEE)
 19254 | D:11     | Paralysed by a hornet for 3 turns
 19826 | D:12     | Received a gift from Trog
 20364 | D:12     | Found a staircase to the Orcish Mines.
 20601 | Orc:1    | Entered Level 1 of the Orcish Mines
 20968 | Orc:2    | Entered Level 2 of the Orcish Mines
 20968 | Orc:2    | Found a staircase to the Elven Halls.
 21065 | Orc:2    | Noticed Sonja
 21215 | Orc:2    | Killed Sonja
 21329 | Orc:2    | Noticed Urug
 21348 | Orc:2    | Killed Urug
 21613 | Orc:2    | Reached skill level 17 in Fighting
 21617 | Orc:2    | Found Xoapserph's Distillery.
 21635 | Orc:2    | Found Zeskepip's General Store.
 21787 | Orc:1    | Received a gift from Trog
 22141 | Orc:1    | Reached skill level 15 in Armour
 22401 | Orc:2    | Found Hiam's Weapon Shoppe.
 22410 | Orc:2    | Bought a +1 vampiric broad axe for 342 gold pieces
 22562 | Orc:2    | Bought a potion of mutation for 112 gold pieces
 22562 | Orc:2    | Bought a scroll of enchant armour for 105 gold pieces
 22564 | Orc:2    | Bought a potion of attraction for 51 gold pieces
 22564 | Orc:2    | Bought a potion of cancellation for 136 gold pieces
 22564 | Orc:2    | Bought a potion of experience for 850 gold pieces
 22564 | Orc:2    | Reached XP level 16. HP: 156/156 MP: 15/15
 22739 | Orc:1    | Noticed Josephine
 22756 | Orc:1    | Killed Josephine
 23558 | Orc:2    | Reached skill level 18 in Fighting
 23651 | Orc:2    | Found Xeygaum's Antique Armour Boutique.
 23651 | Orc:2    | Found Xyapoib's Gadget Shop.
 23651 | Orc:2    | Found a one-way gate leading to the halls of Pandemonium.
 23837 | D:13     | Noticed Kirke
 23854 | D:13     | Killed Kirke
 24043 | D:13     | Identified 2 scrolls of acquirement
 24043 | D:13     | Acquired 703 gold pieces
 24152 | Orc:2    | Bought the +7 Kryia's mail coat {PotionHeal*2 rC+} for 1320
                  | gold pieces
 24152 | Orc:2    | Found the +7 Kryia's mail coat {PotionHeal*2 rC+}
 24192 | Orc:2    | Bought a potion of heal wounds for 85 gold pieces
 24312 | D:13     | Noticed Nessos
 24358 | D:13     | Killed Nessos
 24762 | D:13     | Received a gift from Trog
 24768 | D:13     | Found a stormy altar of Qazlal.
 25179 | D:13     | Found a gate to the Vaults.
 25396 | Lair:4   | Upgraded the game from 0.26.0-8-g74fc34ddfb to
                  | 0.26.0-9-gab577f9fc5
 25837 | Spider:1 | Entered Level 1 of the Spider Nest
 26003 | Spider:1 | Noticed Jorgrun
 26028 | Spider:1 | Killed Jorgrun
 26090 | Spider:1 | Reached XP level 17. HP: 148/166 MP: 16/16
 26416 | Spider:1 | Received a gift from Trog
 26642 | Spider:1 | Noticed Asterion
 27091 | Spider:1 | Reached skill level 19 in Fighting
 27095 | Spider:1 | Killed Asterion
 27229 | Spider:1 | Reached skill level 15 in Dodging
 28364 | Spider:2 | Found the +0 staff of Battle
 29276 | Spider:3 | Received a gift from Trog
 29989 | Spider:4 | Entered Level 4 of the Spider Nest
 30144 | Spider:4 | Got a translucent flail
 32499 | Spider:3 | Reached skill level 10 in Throwing
 32529 | Spider:3 | Reached skill level 20 in Fighting
 32556 | Spider:4 | Reached XP level 18. HP: 159/178 MP: 9/17
 32693 | Spider:4 | Got a gossamer rune of Zot
 32911 | Shoals:1 | Entered Level 1 of the Shoals
 33216 | Shoals:1 | Identified the cursed +0 flail of Wondrous Power {holy,
                  | +Blink rPois Str-4} (You found it on level 4 of the Spider
                  | Nest)
 33560 | Shoals:1 | Found Ciatso's Book Boutique.
 33870 | Shoals:1 | Found Rahuptyph's Distillery.
 33927 | Shoals:1 | Bought a potion of heal wounds for 60 gold pieces
 33927 | Shoals:1 | Bought 2 potions of heal wounds for 120 gold pieces
 33927 | Shoals:1 | Bought a potion of magic for 96 gold pieces
 34423 | Elf:1    | Entered Level 1 of the Elven Halls
 34445 | Elf:1    | Received a gift from Trog
 35462 | Elf:1    | Found a corrupted altar of Lugonu.
 35464 | Elf:1    | Found a one-way gate to the infinite horrors of the Abyss.
 35964 | Elf:2    | Found a radiant altar of Vehumet.
 36080 | Elf:2    | Reached ****** piety under Trog
 36221 | Elf:2    | Found a runed translucent gate.
 36223 | Elf:2    | Received a gift from Trog
 36409 | Elf:2    | Found a runed translucent gate.
 36416 | Elf:2    | Found a runed translucent gate.
 36572 | Elf:3    | Entered Level 3 of the Elven Halls
 36619 | Elf:3    | Found Giblya's Antique Armour Boutique.
 37386 | Elf:3    | Reached skill level 15 in Axes
 37454 | Elf:3    | Found Ijihip's Weapon Shop.
 37455 | Elf:3    | Found Boagg's Assorted Antiques.
 37455 | Elf:3    | Found Tuameaja's Antique Weapon Boutique.
 37458 | Elf:3    | Found Veoghy's Book Boutique.
 37460 | Elf:3    | Bought 2 throwing nets for 102 gold pieces
 37474 | Elf:3    | Bought a scroll of identify for 48 gold pieces
 38023 | Elf:3    | Reached skill level 21 in Fighting
 38301 | Elf:3    | Identified the +4 war axe "Minotaur's Doom" {vorpal, +Blink
                  | rC- rN+++ Str+2}
 38696 | Elf:3    | Reached XP level 19. HP: 176/189 MP: 18/18
 38715 | Elf:3    | Identified the ring of Mirth {Fire +Blink rElec Will+ Str-2
                  | Dex+3}
 38923 | Elf:3    | Received a gift from Trog
 39179 | Elf:3    | Identified the ring "Ilafel" {rF+ Str+5 Int+3}
 39179 | Elf:3    | Noticed Nikola
 39187 | Elf:3    | Killed Nikola
 39268 | Elf:3    | Got a pitted jade ring
 39283 | Elf:3    | Identified the ring "Nierasch" {+Inv +Fly rF+} (You found
                  | it on level 3 of the Elven Halls)
 39690 | Elf:3    | Got a scorched whip
 39691 | Elf:3    | Identified the +2 whip of Internal Strife {vorpal, Will+
                  | Str+4 Dex+7} (You found it on level 3 of the Elven Halls)
 40177 | D:14     | Reached skill level 1 in Evocations
 40300 | D:14     | Noticed Rupert
 40312 | D:14     | Killed Rupert
 41130 | D:15     | Entered Level 15 of the Dungeon
 41447 | D:15     | Found Ufuibb's Armour Shop.
 41465 | D:15     | Found Cusuotzeo's Magic Scroll Emporium.
 41473 | D:15     | Bought a scroll of brand weapon for 240 gold pieces
 41508 | D:15     | Found Sacit's Armour Emporium.
 41664 | D:15     | Found Onkum's Weapon Shoppe.
 41740 | D:15     | Acquired a +1 executioner's axe of electrocution
 41810 | D:15     | Found a staircase to the Depths.
 42048 | Lair:3   | Upgraded the game from 0.26.0-9-gab577f9fc5 to
                  | 0.26.0-11-g8f856b5395
 43344 | Shoals:3 | Found a hazy altar of Hepliaklqana.
 43576 | Shoals:3 | Found a runed translucent gate.
 43599 | Shoals:3 | Found a runed translucent gate.
 43615 | Shoals:3 | Found a runed translucent gate.
 44301 | Shoals:3 | Noticed Zipteul's ghost (adept NaBe)
 44472 | Shoals:4 | Entered Level 4 of the Shoals
 44473 | Shoals:4 | Acquired 1268 gold pieces
 44527 | Shoals:4 | Received a gift from Trog
 44917 | Shoals:4 | Noticed Polyphemus
 45055 | Shoals:4 | Killed Polyphemus
 45410 | Shoals:4 | Reached skill level 22 in Fighting
 46006 | Shoals:4 | Identified the +1 scale mail of Floral Salvation {rC-
                  | Int+7} (You found it on level 4 of the Shoals)
 46160 | Shoals:4 | Received a gift from Trog
 46936 | Shoals:4 | Got a barnacled rune of Zot
 47432 | D:13     | Upgraded the game from 0.26.0-11-g8f856b5395 to
                  | 0.26.0-15-gc6cd9f700b
 47433 | Vaults:1 | Entered Level 1 of the Vaults
 47441 | Vaults:1 | Reached XP level 20. HP: 193/200 MP: 19/19
 47526 | Vaults:1 | Noticed Saint Roka
 47597 | Vaults:1 | Killed Saint Roka
 48945 | Vaults:2 | Found Waceg's General Store.
 48982 | Vaults:2 | Bought a scroll of teleportation for 63 gold pieces
 49181 | Vaults:2 | Found a staircase to the Crypt.
 49658 | Vaults:2 | Reached skill level 5 in Evocations
 50390 | Vaults:2 | Found a runed translucent gate.
 50391 | Vaults:2 | Found a runed translucent gate.
 50392 | Vaults:2 | Found a runed translucent gate.
 51100 | Vaults:3 | Reached skill level 23 in Fighting
 51830 | Vaults:3 | Received a gift from Trog
 51831 | Vaults:3 | Reached XP level 21. HP: 211/211 MP: 20/20
 54451 | D:11     | Killed flt's ghost
 54465 | D:11     | Received a gift from Trog
 54884 | Vaults:2 | Found a runed translucent gate.
 54884 | Vaults:2 | Found a runed translucent gate.
 54891 | Vaults:2 | Found a runed translucent gate.
 54891 | Vaults:2 | Noticed Dacon's ghost (adept MiGl)
 55065 | Depths:1 | Entered Level 1 of the Depths
 55619 | Depths:1 | Noticed the Enchantress
 55638 | Depths:1 | Killed the Enchantress
 56061 | Depths:1 | Found Qafudy Guenk's Gadget Emporium.
 56062 | Depths:1 | Found Nuwniega's Jewellery Boutique.
 56062 | Depths:1 | Found Qisy's Jewellery Boutique.
 56306 | Depths:1 | Found Beluckar's Island Escapes.
 56360 | Depths:1 | Found a gateway to Hell.
 56456 | Depths:1 | Bought a wand of digging (3) for 238 gold pieces
 56456 | Depths:1 | Bought a scroll of teleportation for 51 gold pieces
 56456 | Depths:1 | Bought a scroll of blinking for 127 gold pieces
 56456 | Depths:1 | Bought a scroll of blinking for 127 gold pieces
 56543 | Depths:2 | Reached skill level 24 in Fighting
 56545 | Depths:2 | Found Bumeomur's Gadget Shop.
 56548 | Depths:2 | Found Wamehabi's Jewellery Boutique.
 56553 | Depths:2 | Bought a wand of iceblast (7) for 165 gold pieces
 56641 | Depths:2 | Reached XP level 22. HP: 177/222 MP: 21/21
 56877 | Depths:2 | Found Byplagg's Gadget Emporium.
 56882 | Depths:2 | Found Cuinnent's Antique Weapon Emporium.
 56927 | Depths:2 | Received a gift from Trog
 56973 | Depths:2 | Found Alit's Armour Shop.
 57082 | Depths:2 | Found a glowing golden altar of the Shining One.
 57872 | Depths:2 | Found Vuqoj's Magic Scroll Shop.
 58735 | Depths:2 | Received a gift from Trog
 59574 | Depths:3 | Noticed Jory
 60059 | Depths:3 | Noticed Frederick
 60068 | Depths:3 | Killed from afar by a frost giant

Illustrated notes

Levels and vault maps discovered:
D:1:      heliophobic_arrival_glass_houses, layout_rooms
D:2:      layout_loops_ring, fedhas_altar_4, kennysheep_slug_shrine,
          hangedman_abyss_or_decor_stabs, minmay_pentomino_v4
D:3:      layout_basic
D:4:      layout_basic, minmay_temple_entry_glass, minmay_diced_spiral
D:5:      layout_gridville, uniq_ijyb, uniq_edmund
D:6:      layout_loops_corners, marbit_many_paths, elyvilon_altar_4
D:7:      layout_cave_pools, kennysheep_little_box
D:8:      layout_loops_ring, serial_shops, shop, st_stairs_10,
          lemuel_statue_altar
D:9:      layout_layer_cave, lair_entry_dummy, uniq_harold
D:10:     layout_basic, uniq_maurice
D:11:     layout_loops_cross, gammafunk_ghost_split,
          nrook_guardian_serpent_double, uniq_erolcha
D:12:     layout_loops_ring, orc_0_dummy
D:13:     layout_roguey, grunt_vaults_entry_fortified, grunt_ministairs_4,
          nicolae_qazlal_style_of_elements, uniq_nessos, uniq_kirke
D:14:     layout_stronghold, nicolae_water_bricks, uniq_rupert
D:15:     gammafunk_enter_depths_forms, layout_rooms, serial_shops, shop, shop,
          shop, shop_scrolls
Lair:1:   layout_loops_ring, basic_altar, enter_volcano_2
Lair:2:   layout_layer_cave, portal_ice_cave_entry_ice_beasts, st_stairs_11,
          lemuel_fruit_tree, uniq_nergalle
Lair:3:   layout_roguey, elwin_shoals_entry_rocks, grunt_megastairs_1,
          serial_bayou_shore_a, uniq_fannar, uniq_prince_ribbit2
Lair:4:   layout_hall_layers, spider_nest_entry_web_field, serial_bayou_shore_b,
          infiniplex_staircase_pool_2, grunt_megastairs_4, serial_bayou_shore_b,
          lemuel_fruit_fields, serial_bayou_shore_b
Lair:5:   layout_gridlike, slime_dummy, guppyfry_lair_drakes
Lair:6:   cheibrodos_lair_end_hotspot, layout_regular_city, minivault_29
Shoals:1: cheibrodos_shoals_roost, layout_shoals, serial_shops,
          nicolae_shop_statue_plus, nicolae_shop_window_shopping,
          nicolae_shoals_arrival_archipelago
Shoals:2: layout_shoals
Shoals:3: layout_shoals, gammafunk_ghost_necromancy, lemuel_altar_in_water
Shoals:4: shoals_end_grunt_ice, layout_shoals, nicolae_shoals_aquamancer_cove,
          uniq_polyphemus
Spider:1: layout_spider_delve, uniq_jorgrun, uniq_asterion
Spider:2: layout_spider_delve
Spider:3: layout_chambers, nicolae_looking_at_the_future
Spider:4: grunt_spider_rune_island
Orc:1:    layout_diamond_mine, uniq_josephine
Orc:2:    pf_orc_diabolical, layout_caves, serial_shops, shop,
          nicolae_orc_flooded_monolith, rock_pile, uniq_sonja, uniq_urug
Elf:1:    layout_rooms, minmay_elf_sorcery, amcnicky_altar_lugonu_corruption
Elf:2:    layout_gridlike, basic_altar
Elf:3:    minmay_elf_hall_dome, layout_geoelf_castle, serial_shops, shop,
          minmay_shoptagon, uniq_nikola
Vaults:1: hangedman_vaults_corner_blocks, ontoclasm_vaults_gateway,
          grunt_vaults_trifunnel, grunt_vaults_hallway_long, vaults_mumra_hex,
          ontoclasm_vaults_chip, ontoclasm_vaults_pinch, v_misc_26, v_misc_25,
          hangedman_vaults_nails, v_misc_30, layout_vaults_omnicross,
          uniq_saint_roka
Vaults:2: ploomutoo_gammafunk_vaults_ghost_potion_laboratory,
          nicolae_vaults_network_s, v_misc_30, minmay_crypt_entry_simple_round,
          v_misc_27, ontoclasm_vaults_ring_large,
          nicolae_vaults_little_squares_1, grunt_vaults_hallway_short,
          vaults_room_grid, hangedman_vaults_trim,
          vaults_room_grunt_arrival_ludios, nicolae_vaults_ring_of_whatevers,
          layout_vaults_big_room, serial_shops, nicolae_shop_statue_plus
Vaults:3: v_misc_2, nicolae_vaults_network_quincunx
          [nicolae_vaults_network_quincunx_subvault,
          nicolae_vaults_network_quincunx_subvault,
          nicolae_vaults_network_quincunx_subvault,
          nicolae_vaults_network_quincunx_subvault,
          nicolae_vaults_network_quincunx_subvault],
          nicolae_vaults_big_angled_halls, vaults_room_stairs_pillars, v_misc_5,
          v_pattern_5, ontoclasm_vaults_ring_small, nicolae_vaults_theta,
          nicolae_vaults_border_crossing, vaults_room_stairs_pillars,
          dpeg_vaults_monster_box, layout_vaults_maze_bifur
Vaults:4: vaults_room_semicircle, v_pattern_1, nicolae_vaults_network_square,
          nicolae_vaults_circle_grid_b, vaults_dpeg_ring,
          nicolae_vaults_shelves_hall, v_misc_24,
          vaults_standard_mumra_enter_the_diamond, hangedman_vaults_impose,
          vaults_room_corners, vaults_standard_mumra_x,
          nicolae_vaults_little_squares_6, layout_vaults_omnibox
Depths:1: layout_cave_pools, pf_coc_iceberg, nrook_mini_vaults,
          nicolae_island_escapes, minmay_shop_grove, uniq_enchantress
Depths:2: cell_vault, layout_gridville, lightli_too_deep, tso_altar,
          serial_shops, shop, shop, nicolae_shop_stone, shop,
          hangedman_abyss_or_decor_lesser_grid, minmay_shop_star,
          infiniplex_staircase_split_hallway
Depths:3: kennysheep_windowed_halls, layout_cave_pools, enter_ziggurat_c,
          serial_shops, nicolae_shop_waterfront, rand_demon_pan_entry_9,
          pf_hell_entry_great_geh, minmay_tree_intersection, uniq_jory,
          uniq_mara, uniq_frederick

Skill      XL: |  1  2  3  4  5  6  7  8  9 10 11 12 13 14 15 16 17 18 19 20 21 22 |
---------------+-------------------------------------------------------------------+-----
Fighting       | 4 5 6 7 8 9 10 12 13 15 16 17 18 20 21 22 23 24 | 24.5
Axes           | 4 5 6 7 8 9 11 12 13 15 17 18 19 20 | 20.5
Armour         | 3 4 6 7 9 11 12 13 14 15 16 17 18 19 | 19.8
Dodging        | 3 4 5 7 8 10 11 12 13 14 15 16 17 18 | 18.5
Maces & Flails | 3 4 6 8 10 | 10.8
Throwing       | 4 6 7 8 10 | 10.7
Evocations     | 4 6 7 8 |  8.4

Action                   |  1- 3 |  4- 6 |  7- 9 | 10-12 | 13-15 | 16-18 | 19-21 | 22-24 || total
-------------------------+-------+-------+-------+-------+-------+-------+-------+-------++-------
Melee: Hand axe          |    65 |   117 |       |       |       |       |       |       ||   182
       Headbutt          |     6 |    35 |    43 |   152 |   316 |   356 |   459 |    77 ||  1444
       Broad axe         |       |    37 |   163 |       |     3 |  1004 |   538 |       ||  1745
       Club              |       |    24 |       |       |       |       |       |       ||    24
       Demon whip        |       |       |    46 |   454 |  1302 |   454 |    10 |       ||  2266
       War axe           |       |       |       |    91 |       |    12 |       |       ||   103
       Flail             |       |       |       |    48 |       |       |    40 |       ||    88
       Eveningstar       |       |       |       |       |       |    39 |    34 |    16 ||    89
       Battleaxe         |       |       |       |       |       |    15 |   745 |   244 ||  1004
       Whip              |       |       |       |       |       |       |    51 |       ||    51
       Executioner's axe |       |       |       |       |       |       |    37 |    12 ||    49
Throw: Boomerang         |       |       |     2 |     9 |    93 |   167 |   193 |    14 ||   478
Invok: Berserk           |     1 |     1 |     5 |    10 |    21 |    36 |    23 |     3 ||   100
       Brothers in Arms  |       |       |       |     7 |     7 |    12 |    12 |       ||    38
       Trog's Hand       |       |       |       |     2 |     3 |    13 |    27 |     3 ||    48
 Abil: Evoke Flight      |       |       |       |       |       |       |     1 |       ||     1
Evoke: Wand              |       |       |     2 |       |       |    15 |     6 |     1 ||    24
  Use: Scroll            |       |       |     5 |    13 |     9 |    17 |    15 |     5 ||    64
       Potion            |       |       |       |       |     1 |     3 |    10 |       ||    14
 Stab: Petrified         |       |       |       |       |     2 |       |       |       ||     2
       Distracted        |       |       |       |       |     1 |       |     2 |       ||     3
Armor: Animal skin       |     3 |       |       |       |       |       |       |       ||     3
       Ring mail         |    16 |    57 |    92 |   124 |   258 |       |       |       ||   547
       Plate armour      |       |       |       |       |    69 |       |       |       ||    69
       Chain mail        |       |       |       |       |    17 |   245 |       |       ||   262
       Scale mail        |       |       |       |       |       |   738 |   451 |       ||  1189
       Acid dragon scale |       |       |       |       |       |       |    26 |    79 ||   105
Dodge: Dodged            |    46 |   148 |   174 |   335 |   653 |  1420 |  1022 |   189 ||  3987
       Repelled          |       |     1 |     2 |     1 |       |       |       |       ||     4
Block: Other             |       |       |       |       |       |   202 |   258 |    41 ||   501
       Reflection        |       |       |       |       |       |    14 |    27 |     3 ||    44
